Workbook

Sheet RESUMO
A2: SECRETARIA MUNICIPAL DE EDUCAÇÃO - SEMED
A4: OBRA: REFORMA GERAL DA ESCOLA MARECHAL RONDON
A5: LOCAL: VILA SÃO MIGUEL DOS MACACOS - ZONA RURAL – BREVES/PA
A6: REF. DE PREÇOS: SEOP - Março de 2026 - SEM DESONERAÇÃO
A8: ORÇAMENTO RESUMIDO
A9: ITEM | B9: DESCRIÇÃO | C9: TOTAL | D9: PESO (%)
A10: 1 | B10: =PLAN!C10 -> SERVIÇOS PRELIMINARES | C10: =PLAN!H10 -> 1527.9 | D10: =C10/$C$19 -> 0.0030927833
A11: =A10+1 -> 2 | B11: =PLAN!C13 -> PISO | C11: =PLAN!H13 -> 169827.74 | D11: =C11/$C$19 -> 0.34376622
A12: 3 | B12: =PLAN!C22 -> COBERTURA | C12: =PLAN!H22 -> 18901.11 | D12: =C12/$C$19 -> 0.038259728
A13: 4 | B13: =PLAN!C28 -> FORRO | C13: =PLAN!H28 -> 34267.4 | D13: =C13/$C$19 -> 0.069364254
A14: 5 | B14: =PLAN!C32 -> INSTALAÇÕES HIDRÁULICAS | C14: =PLAN!H32 -> 12442.77 | D14: =C14/$C$19 -> 0.025186721
A15: 6 | B15: =PLAN!C37 -> INSTALAÇÕES ELÉTRICAS | C15: =PLAN!H37 -> 27564.46 | D15: =C15/$C$19 -> 0.055796127
A16: 7 | B16: =PLAN!C46 -> ESQUADRIAS | C16: =PLAN!H46 -> 29588.87 | D16: =C16/$C$19 -> 0.059893948
A17: 8 | B17: =PLAN!C52 -> PINTURA | C17: =PLAN!H52 -> 190075.7 | D17: =C17/$C$19 -> 0.38475224
A18: 9 | B18: =PLAN!C60 -> LIMPEZA E ENTREGA DA OBRA | C18: =PLAN!H60 -> 9825.08 | D18: =C18/$C$19 -> 0.019887979
A19: TOTAL: | C19: =SUM(C10:C18) -> 494021.03 | D19: =SUM(D10:D18) -> 1
A21: =PLAN!A65 -> Total da planilha R$ 494.021,03 (Quatrocentos e noventa e quatro mil, vinte e um reais e três centavos)

Sheet Itens Maior Relevancia
A4: PREFEITURA MUNICIPAL DE BREVES
A7: SECRETARIA MUNICIPAL DE EDUCAÇÃO - SEMED
A9: OBRA: REFORMA GERAL DA ESCOLA MARECHAL RONDON
A10: LOCAL: VILA SÃO MIGUEL DOS MACACOS - ZONA RURAL - BREVES-PA
A11: REF. DE PREÇOS: SEOP - Março de 2026 - SEM DESONERAÇÃO
A13: ITENS DE MAIOR RELEVÂNCIA | G13: QUALIFICAÇÃO PROFISSIONAL
A14: ITEM | B14: DESCRIÇÃO | C14: UNID | D14: QTD TOTAL | E14: PESO FINANCEIRO % | F14: QTD MÍN. EXIGIDA (25%) | G14: CAPACIDADE TÉCNICA EMPRESSARIAL EXIGIDA | H14: CAPACIDADE TÉCNICA PROFISSIONAL EXIGIDA
A15: 8.1 | B15: Látex acrilica fosca int/ ext.c/ massa e selador 3 demãos (Pintura Interna) | C15: m² | D15: 1095.96 | E15: =PLAN!I53 -> 0.15295729 | F15: =D15*25% -> 273.99 | G15: EMPRESA | H15: ENGENHEIRO(A) CIVIL OU ARQUITETO(A)
A16: 2.3 | B16: Lajota ceramica - Incluindo rejuntamento (Padrão Médio) | C16: m² | D16: 779.25 | E16: =PLAN!I16 -> 0.15292525 | F16: =D16*25% -> 194.8125 | G16: EMPRESA | H16: ENGENHEIRO(A) CIVIL OU ARQUITETO(A)
A17: 2.7 | B17: Retirada de piso ceramico, inclusive camada regularizadora | C17: m² | D17: 779.25 | E17: =PLAN!I20 -> 0.081533837 | F17: =D17*25% -> 194.8125 | G17: EMPRESA | H17: ENGENHEIRO(A) CIVIL OU ARQUITETO(A)
A18: OBS: Para fins de atendimento aos quantitativos mínimos exigidos dos itens de maior relevância, não será admitida a soma de quantitativos referentes à capacidade técnico-operacional com aqueles relativos à capacidade técnico-profissional, devendo cada requisito ser comprovado de forma independente, conforme estabelecido neste Edital.

Sheet PLAN
A2: PREFEITURA MUNICIPAL DE BREVES
A3: SECRETARIA MUNICIPAL DE EDUCAÇÃO - SEMED
A4: OBJETO: REFORMA GERAL DA ESCOLA MARECHAL RONDON | I4: MARÇO/2026
A5: LOCAL: VILA SÃO MIGUEL DOS MACACOS- ZONA RURAL - BREVES-PA | H5: BDI= | I5: 0.2247
A6: REF. DE PREÇOS: SEOP - Março de 2026 - SEM DESONERAÇÃO | H6: TOTAL = | I6: =G63 -> 494021.03
A7: PLANILHA ORÇAMENTÁRIA
A8: ITEM | B8: CÓDIGO | C8: DISCRIMINAÇÃO | D8: UN | E8: QUANT. | F8: CUSTO UNI. | G8: CUSTO UNI. C/ BDI | H8: P. TOTAL R$ | I8: PESO (%)
A10: 1 | C10: SERVIÇOS PRELIMINARES | H10: =SUM(H11:H11) -> 1527.9 | I10: =SUM(I11:I11) -> 0.0030927833
A11: 1.1 | B11: 011340 | C11: Placa da obra em lona com plotagem de gráfica | D11: m² | E11: 6 | F11: 207.93 | G11: =ROUND((1+$I$5)*F11,2) -> 254.65 | H11: =ROUND(E11*G11,2) -> 1527.9 | I11: =H11/$G$63 -> 0.0030927833
A13: 2 | C13: PISO | H13: =SUM(H14:H20) -> 169827.74 | I13: =SUM(I14:I20) -> 0.34376622
A14: 2.1 | B14: 130507 | C14: Camada impermeabilizadora e = 10cm com seixo | D14: m² | E14: 117.8 | F14: 85.47 | G14: =ROUND((1+$I$5)*F14,2) -> 104.68 | H14: =ROUND(E14*G14,2) -> 12331.3 | I14: =H14/$G$63 -> 0.024961083
A15: 2.2 | B15: 130110 | C15: Camada regularizadora no traço 1:4 | D15: m² | E15: 117.8 | F15: 43.6 | G15: =ROUND((1+$I$5)*F15,2) -> 53.4 | H15: =ROUND(E15*G15,2) -> 6290.52 | I15: =H15/$G$63 -> 0.012733304
A16: 2.3 | B16: 130119 | C16: Lajota ceramica - incluindo rejuntamento (Padrão Médiio) | D16: m² | E16: 779.25 | F16: 79.16 | G16: =ROUND((1+$I$5)*F16,2) -> 96.95 | H16: =ROUND(E16*G16,2) -> 75548.29 | I16: =H16/$G$63 -> 0.15292525
A17: 2.4 | B17: 120164 | C17: Rodopé cerâmico h= 8 cm | D17: m | E17: 300.48 | F17: 29.33 | G17: =ROUND((1+$I$5)*F17,2) -> 35.92 | H17: =ROUND(E17*G17,2) -> 10793.24 | I17: =H17/$G$63 -> 0.021847734
A18: 2.5 | B18: 130492 | C18: Calçada (Incluindo alicerce, baldrame e concreto com junta seca) | D18: m² | E18: 128 | F18: 144.09 | G18: =ROUND((1+$I$5)*F18,2) -> 176.47 | H18: =ROUND(E18*G18,2) -> 22588.16 | I18: =H18/$G$63 -> 0.045723074
A19: 2.6 | B19: 110826 | C19: Grampeamento de parede | D19: m | E19: 30 | F19: 54.35 | G19: =ROUND((1+$I$5)*F19,2) -> 66.56 | H19: =ROUND(E19*G19,2) -> 1996.8 | I19: =H19/$G$63 -> 0.0040419332
A20: 2.7 | B20: 020235 | C20: Retirada de piso ceramico, inclusive camada regularizadora | D20: m² | E20: 779.25 | F20: 42.21 | G20: =ROUND((1+$I$5)*F20,2) -> 51.69 | H20: =ROUND(E20*G20,2) -> 40279.43 | I20: =H20/$G$63 -> 0.081533837
A22: 3 | C22: COBERTURA | H22: =SUM(H23:H26) -> 18901.11 | I22: =SUM(I23:I26) -> 0.038259728
A23: 3.1 | B23: 071498 | C23: Cobertura - Telha de fibrocimento e = 4mm | D23: m² | E23: 97.35 | F23: 46.4 | G23: =ROUND((1+$I$5)*F23,2) -> 56.83 | H23: =ROUND(E23*G23,2) -> 5532.4 | I23: =H23/$G$63 -> 0.011198714
A24: 3.2 | B24: 070059 | C24: Cumeeira plana fibrotex e = 4mm | D24: m | E24: 7.98 | F24: 24.83 | G24: =ROUND((1+$I$5)*F24,2) -> 30.41 | H24: =ROUND(E24*G24,2) -> 242.67 | I24: =H24/$G$63 -> 0.00049121391
A25: 3.3 | B25: 070827 | C25: Lambrequim de madeira de lei aparelhada | D25: m | E25: 158.96 | F25: 37.65 | G25: =ROUND((1+$I$5)*F25,2) -> 46.11 | H25: =ROUND(E25*G25,2) -> 7329.65 | I25: =H25/$G$63 -> 0.014836717
A26: 3.4 | B26: 071466 | C26: Cumeeira em aço galvanizado | D26: m | E26: 71.2 | F26: 66.47 | G26: =ROUND((1+$I$5)*F26,2) -> 81.41 | H26: =ROUND(E26*G26,2) -> 5796.39 | I26: =H26/$G$63 -> 0.011733084
A28: 4 | C28: FORRO | H28: =SUM(H29:H30) -> 34267.4 | I28: =SUM(I29:I30) -> 0.069364254
A29: 4.1 | B29: 140348 | C29: Barroteamento em madeira de lei para forro PVC | D29: m² | E29: 209.42 | F29: 87.11 | G29: =ROUND((1+$I$5)*F29,2) -> 106.68 | H29: =ROUND(E29*G29,2) -> 22340.93 | I29: =H29/$G$63 -> 0.045222629
A30: 4.2 | B30: 141336 | C30: Forro em lambril de PVC | D30: m² | E30: 209.42 | F30: 46.5 | G30: =ROUND((1+$I$5)*F30,2) -> 56.95 | H30: =ROUND(E30*G30,2) -> 11926.47 | I30: =H30/$G$63 -> 0.024141624
A32: 5 | C32: INSTALAÇÕES HIDRÁULICAS | H32: =SUM(H33:H35) -> 12442.77 | I32: =SUM(I33:I35) -> 0.025186721
A33: 5.1 | B33: 190609 | C33: Bacia sifonada com caixa de descarga acoplada com assento] | D33: unid. | E33: 5 | F33: 707.68 | G33: =ROUND((1+$I$5)*F33,2) -> 866.7 | H33: =ROUND(E33*G33,2) -> 4333.5 | I33: =H33/$G$63 -> 0.0087718938
A34: 5.2 | B34: 190375 | C34: Lavatório de louça c/ coluna com torneira, sifão e válvula | D34: unid. | E34: 3 | F34: 1047.42 | G34: =ROUND((1+$I$5)*F34,2) -> 1282.78 | H34: =ROUND(E34*G34,2) -> 3848.34 | I34: =H34/$G$63 -> 0.0077898303
A35: 5.3 | B35: 181481 | C35: Bomba centrífuga 2 CV (sem tubulação) | D35: unid. | E35: 1 | F35: 3479.16 | G35: =ROUND((1+$I$5)*F35,2) -> 4260.93 | H35: =ROUND(E35*G35,2) -> 4260.93 | I35: =H35/$G$63 -> 0.0086249972
A37: 6 | C37: INSTALAÇÕES ELÉTRICAS | H37: =SUM(H38:H44) -> 27564.46 | I37: =SUM(I38:I44) -> 0.055796127
A38: 6.1 | B38: 170081 | C38: Ponto de luz com rede (incl tubulação cx fiação) | D38: pt. | E38: 40 | F38: 345 | G38: =ROUND((1+$I$5)*F38,2) -> 422.52 | H38: =ROUND(E38*G38,2) -> 16900.8 | I38: =H38/$G$63 -> 0.034210689
A39: 6.2 | B39: 170081 | C39: Ponto de tomada/ interruptor (incl tubulação cx fiação) | D39: pt. | E39: 10 | F39: 345 | G39: =ROUND((1+$I$5)*F39,2) -> 422.52 | H39: =ROUND(E39*G39,2) -> 4225.2 | I39: =H39/$G$63 -> 0.0085526723
A40: 6.3 | B40: COMP01 | C40: Plafon com lâmpada de led 30W | D40: unid. | E40: 65 | F40: 52.63 | G40: =ROUND((1+$I$5)*F40,2) -> 64.46 | H40: =ROUND(E40*G40,2) -> 4189.9 | I40: =H40/$G$63 -> 0.0084812179
A41: 6.4 | B41: COMP02 | C41: Refletor led tech pro IP66 100W 6500K - Bivolt | D41: unid. | E41: 4 | F41: 175.23 | G41: =ROUND((1+$I$5)*F41,2) -> 214.6 | H41: =ROUND(E41*G41,2) -> 858.4 | I41: =H41/$G$63 -> 0.0017375779
A42: 6.5 | B42: 170743 | C42: Cabo de cobre 2,5mm² - 1KV | D42: m | E42: 20 | F42: 10.24 | G42: =ROUND((1+$I$5)*F42,2) -> 12.54 | H42: =ROUND(E42*G42,2) -> 250.8 | I42: =H42/$G$63 -> 0.0005076707
A43: 6.6 | B43: 171523 | C43: Tomada 2P+T (sem fiação) 20A | D43: unid. | E43: 20 | F43: 32 | G43: =ROUND((1+$I$5)*F43,2) -> 39.19 | H43: =ROUND(E43*G43,2) -> 783.8 | I43: =H43/$G$63 -> 0.0015865721
A44: 6.7 | B44: 170332 | C44: Interruptor 1 tecla simples (sem fiação) | D44: unid. | E44: 12 | F44: 24.19 | G44: =ROUND((1+$I$5)*F44,2) -> 29.63 | H44: =ROUND(E44*G44,2) -> 355.56 | I44: =H44/$G$63 -> 0.00071972645
A46: 7 | C46: ESQUADRIAS | H46: =SUM(H47:H50) -> 29588.87 | I46: =SUM(I47:I50) -> 0.059893948
A47: 7.1 | B47: 090641 | C47: Porta em madeira lambrizada c/ caixilho /alizar | D47: m² | E47: 22.47 | F47: 527.02 | G47: =ROUND((1+$I$5)*F47,2) -> 645.44 | H47: =ROUND(E47*G47,2) -> 14503.04 | I47: =H47/$G$63 -> 0.029357131
A48: 7.2 | B48: COMP03 | C48: Esquadria madeira de lei veneziana fixa com caixilho simples/ alizar | D48: m² | E48: 18 | F48: 307.26 | G48: =ROUND((1+$I$5)*F48,2) -> 376.3 | H48: =ROUND(E48*G48,2) -> 6773.4 | I48: =H48/$G$63 -> 0.013710752
A49: 7.3 | B49: 1002260 | C49: Ferragens para porta externa 1 folha | D49: conj | E49: 15 | F49: 334.2 | G49: =ROUND((1+$I$5)*F49,2) -> 409.29 | H49: =ROUND(E49*G49,2) -> 6139.35 | I49: =H49/$G$63 -> 0.012427305
A50: 7.4 | B50: 1002280 | C50: Ferragens para porta de baheiro | D50: conj | E50: 6 | F50: 295.73 | G50: =ROUND((1+$I$5)*F50,2) -> 362.18 | H50: =ROUND(E50*G50,2) -> 2173.08 | I50: =H50/$G$63 -> 0.0043987601
A52: 8 | C52: PINTURA | H52: =SUM(H53:H58) -> 190075.7 | I52: =SUM(I53:I58) -> 0.38475224
A53: 8.1 | B53: 150253 | C53: Látex acrilica fosca int/ ext.c/ massa e selador 3 demãos (Pintura Interna) | D53: m² | E53: 1268.28 | F53: 48.65 | G53: =ROUND((1+$I$5)*F53,2) -> 59.58 | H53: =ROUND(E53*G53,2) -> 75564.12 | I53: =H53/$G$63 -> 0.15295729
A54: 8.2 | B54: 150253 | C54: Látex acrilica fosca int/ ext.c/ massa e selador 3 demãos (Pintura Externa) | D54: m² | E54: 538.25 | F54: 48.65 | G54: =ROUND((1+$I$5)*F54,2) -> 59.58 | H54: =ROUND(E54*G54,2) -> 32068.94 | I54: =H54/$G$63 -> 0.064914119
A55: 8.3 | B55: 150606 | C55: Verniz poliuretano sobre madeira(Pintura sob telhas e pilares da circulação) | D55: m² | E55: 535.5 | F55: 38.59 | G55: =ROUND((1+$I$5)*F55,2) -> 47.26 | H55: =ROUND(E55*G55,2) -> 25307.73 | I55: =H55/$G$63 -> 0.051228042
A56: 8.4 | B56: 150377 | C56: Esmalte sobre madeira com selador sem massa | D56: m² | E56: 223.42 | F56: 36.19 | G56: =ROUND((1+$I$5)*F56,2) -> 44.32 | H56: =ROUND(E56*G56,2) -> 9901.97 | I56: =H56/$G$63 -> 0.02004362
A57: 8.5 | B57: 150207 | C57: Acrílica para piso (Pintura sobre telhamento) | D57: m² | E57: 1060.77 | F57: 27.93 | G57: =ROUND((1+$I$5)*F57,2) -> 34.21 | H57: =ROUND(E57*G57,2) -> 36288.94 | I57: =H57/$G$63 -> 0.073456266
A58: 8.6 | B58: 150302 | C58: Esmalte sobre ferro (Superf lisa) | D58: m² | E58: 160 | F58: 55.85 | G58: =ROUND((1+$I$5)*F58,2) -> 68.4 | H58: =ROUND(E58*G58,2) -> 10944 | I58: =H58/$G$63 -> 0.022152903
A60: 9 | C60: LIMPEZA E ENTREGA DA OBRA | H60: =SUM(H61:H61) -> 9825.08 | I60: =SUM(I61:I61) -> 0.019887979
A61: 9.1 | B61: 270220 | C61: Limpeza geral e entrega da obra | D61: m² | E61: 746.02 | F61: 10.75 | G61: =ROUND((1+$I$5)*F61,2) -> 13.17 | H61: =ROUND(E61*G61,2) -> 9825.08 | I61: =H61/$G$63 -> 0.019887979
A63: VALOR TOTAL DA OBRA: | G63: =SUM(H10+H13+H22+H28+H32+H37+H46+H52+H60) -> 494021.03 | I63: =SUM(I10+I13+I22+I28+I32+I37+I46+I52+I60) -> 1
A65: Total da planilha R$ 494.021,03 (Quatrocentos e noventa e quatro mil, vinte e um reais e três centavos)
A66: Valores unitários obtidos com base na PLANILHA PADRÃO - Março 2026 da SECRETARIA DE ESTADO DE OBRAS PÚBLICAS - SEOP - SEM DESONERAÇÃO

Sheet CPU
A5: PREFEITURA MUNICIPAL DE BREVES
A6: SECRETARIA MUNICIPAL DE EDUCAÇÃO - SEMED
A7: OBJETO: REFORMA GERAL DA ESCOLA MARECHAL RONDON
A8: LOCAL: VILA SÃO MIGUEL DOS MACACOS- ZONA RURAL - BREVES-PA | I8: BDI: | J8: 0.2247
A9: REF. DE PREÇOS: SEOP - Março de 2026 - SEM DESONERAÇÃO | J9: Prazo de Execução: 90 dias
A11: Valores obtidos com base na PLANILHA PADRÃO - Março 2026 da SECRETARIA DE ESTADO DE OBRAS PÚBLICAS - SEOP - SEM DESONERAÇÃO e Cotação local.
A12: COMPOSIÇÃO DE PREÇO UNITÁRIO
A13: Código | B13: Descrição dos Serviços | G13: Und | H13: Coeficiente | I13: Valor Unitário | J13: Valor Parcial
A14: SERVIÇOS PRELIMINARES
A15: 011340 | B15: Placa de obra em lona com plotagem de gráfica | G15: M2 | H15: 1.20
A16: 280013 | B16: Carpinteiro com encargos complementares | G16: H | H16: 0.4 | I16: 32.21 | J16: =ROUND(H16*I16,2) -> 12.88
A17: 280026 | B17: Servente com encargos complementares | G17: H | H17: 0.4 | I17: 26.88 | J17: =ROUND(H17*I17,2) -> 10.75
A18: D00281 | B18: Pernamanca 3" x 2" 4 m - madeira branca | G18: Dz | H18: 0.41 | I18: 225.02 | J18: =ROUND(H18*I18,2)-0.01 -> 92.25
A19: D00475 | B19: Lona com plotagem de gráfica | G19: M2 | H19: 1 | I19: 90 | J19: =ROUND(H19*I19,2) -> 90
A20: D00084 | B20: Prego 1 1/2"x13 | G20: KG | H20: 0.1 | I20: 20.53 | J20: =ROUND(H20*I20,2) -> 2.05
A21: Total Parcial (com lei sem BDI) | H21: =SUM(J16:J20) -> 207.93
A22: B.D.I. 22,47% | H22: =H21*J8 -> 46.721871
A23: Total Geral | H23: =SUM(H21:H22) -> 254.65187
A24: PISO
A25: 130507 | B25: Camada impermeabilizadora e = 10cm com seixo | G25: M2 | H25: 16.4
A26: J00005 | B26: Areia | G26: M3 | H26: 0.07 | I26: 85 | J26: =ROUND(H26*I26,2) -> 5.95
A27: J00003 | B27: Cimento | G27: SC | H27: 0.4 | I27: 52.25 | J27: =ROUND(H27*I27,2) -> 20.9
A28: J00007 | B28: Seixo lavado | G28: M3 | H28: 0.11 | I28: 218.45 | J28: =ROUND(H28*I28,2)-0.01 -> 24.02
A29: 280023 | B29: Pedreiro com encargos complementares | G29: H | H29: 0.4 | I29: 32.75 | J29: =ROUND(H29*I29,2) -> 13.1
A30: 280026 | B30: Servente com encargos complementares | G30: H | H30: 0.8 | I30: 26.88 | J30: =ROUND(H30*I30,2) -> 21.5
A31: Total Parcial (com lei sem BDI) | H31: =SUM(J26:J30) -> 85.47
A32: B.D.I. 22,47% | H32: =H31*J8 -> 19.205109
A33: Total Geral | H33: =SUM(H31:H32) -> 104.67511
A34: 130110 | B34: Camada regularizadora no traço 1:4 | G34: M2 | H34: 16.5
A35: J00005 | B35: Areia | G35: M3 | H35: 0.0366 | I35: 85 | J35: =ROUND(H35*I35,2) -> 3.11
A36: J00003 | B36: Cimento | G36: SC | H36: 0.31 | I36: 52.25 | J36: =ROUND(H36*I36,2)-0.01 -> 16.19
A37: 280023 | B37: Pedreiro com encargos complementares | G37: H | H37: 0.25 | I37: 32.75 | J37: =ROUND(H37*I37,2)-0.01 -> 8.18
A38: 280026 | B38: Servente com encargos complementares | G38: H | H38: 0.6 | I38: 26.88 | J38: =ROUND(H38*I38,2)-0.01 -> 16.12
A39: Total Parcial (com lei sem BDI) | H39: =SUM(J35:J38) -> 43.6
A40: B.D.I. 22,47% | H40: =H39*J8 -> 9.79692
A41: Total Geral | H41: =SUM(H39:H40) -> 53.39692
A42: 130119 | B42: Lajota ceramica - Incluindo rejuntamento (Padrão Médio) | G42: M2 | H42: 16.18
A43: A00055 | B43: Lajota ceramica (Padrão Médio) | G43: M2 | H43: 1.05 | I43: 40.4 | J43: =ROUND(H43*I43,2) -> 42.42
A44: D00080 | B44: Argamassa AC-II | G44: KG | H44: 5 | I44: 1.37 | J44: =ROUND(H44*I44,2) -> 6.85
A45: D00079 | B45: Rejunte cimentício colorido para porcelanato e cerâmicas | G45: KG | H45: 0.34 | I45: 5.66 | J45: =ROUND(H45*I45,2) -> 1.92
A46: 280023 | B46: Pedreiro com encargos complementares | G46: H | H46: 0.65 | I46: 32.75 | J46: =ROUND(H46*I46,2)-0.01 -> 21.28
A47: 280004 | B47: Ajudante de pedreiro com encargos complementares | G47: H | H47: 0.25 | I47: 26.77 | J47: =ROUND(H47*I47,2) -> 6.69
A48: Total Parcial (com lei sem BDI) | H48: =SUM(J43:J47) -> 79.16
A49: B.D.I. 22,47% | H49: =H48*J8 -> 17.787252
A50: Total Geral | H50: =SUM(H48:H49) -> 96.947252
A51: 120164 | B51: Rodapé cerâmico h = 8cm | G51: M2 | H51: 15.2
A52: D00080 | B52: Argamassa AC-II | G52: KG | H52: 0.5 | I52: 1.37 | J52: =ROUND(H52*I52,2)-0.01 -> 0.68
A53: D00079 | B53: Rejunte cimentício colorido para porcelanato e cerâmicas | G53: KG | H53: 0.1 | I53: 5.66 | J53: =ROUND(H53*I53,2)-0.01 -> 0.56
A54: A00007 | B54: Rodapé cerâmico h = 8cm | G54: M | H54: 1.1 | I54: 11.73 | J54: =ROUND(H54*I54,2) -> 12.9
A55: 280023 | B55: Pedreiro com encargos complementares | G55: H | H55: 0.3 | I55: 32.75 | J55: =ROUND(H55*I55,2)-0.01 -> 9.82
A56: 280026 | B56: Servente com encargos complementares | G56: H | H56: 0.2 | I56: 26.88 | J56: =ROUND(H56*I56,2)-0.01 -> 5.37
A57: Total Parcial (com lei sem BDI) | H57: =SUM(J52:J56) -> 29.33
A58: B.D.I. 22,47% | H58: =H57*J8 -> 6.590451
A59: Total Geral | H59: =SUM(H57:H58) -> 35.920451
A60: 130492 | B60: Calçada (Incluindo alicerce, baldrame e concreto com junta seca) | G60: M2 | H60: 16.3
A61: 030010 | B61: Escavação manual até 1,50m de profundidade | G61: M3 | H61: 0.02 | I61: 107.52 | J61: =ROUND(H61*I61,2) -> 2.15
A62: 040025 | B62: Fundação corrida com seixo | G62: M3 | H62: 0.02 | I62: 1067.37 | J62: =ROUND(H62*I62,2)-0.01 -> 21.34
A63: 040026 | B63: Baldrame em concreto simples com seixo inclusive forma madeira branca | G63: M3 | H63: 0.007 | I63: 2102.8 | J63: =ROUND(H63*I63,2)-0.01 -> 14.71
A64: 130584 | B64: Concreto com seixo e junta seca e = 10cm | G64: M2 | H64: 1 | I64: 105.89 | J64: =ROUND(H64*I64,2) -> 105.89
A65: Total Parcial (com lei sem BDI) | H65: =SUM(J61:J64) -> 144.09
A66: B.D.I. 22,47% | H66: =H65*J$8 -> 32.377023
A67: Total Geral | H67: =SUM(H65:H66) -> 176.46702
A68: 110826 | B68: Grampeamento de parede | G68: M | H68: 14.18
A69: 020019 | B69: Retirada de reboco ou emboço | G69: M2 | H69: 0.5 | I69: 15.07 | J69: =ROUND(H69*I69,2)-0.01 -> 7.53
A70: 280023 | B70: Pedreiro com encargos complementares | G70: H | H70: 0.45 | I70: 32.75 | J70: =ROUND(H70*I70,2)-0.01 -> 14.73
A71: 280004 | B71: Ajudante de pedreiro com encargos complementares | G71: H | H71: 0.45 | I71: 26.77 | J71: =ROUND(H71*I71,2)-0.01 -> 12.04
A72: 110764 | B72: Argamassa de cimento, areia e adit. Plast. 1:6 | G72: M3 | H72: 0.03 | I72: 531.5 | J72: =ROUND(H72*I72,2)-0.01 -> 15.94
A73: D00355 | B73: Aço CA 60 - Ø 5.0mm | G73: KG | H73: 0.55 | I73: 7.48 | J73: =ROUND(H73*I73,2) -> 4.11
A74: Total Parcial (com lei sem BDI) | H74: =SUM(J69:J73) -> 54.35
A75: B.D.I. 22,47% | H75: =H74*J$8 -> 12.212445
A76: Total Geral | H76: =SUM(H74:H75) -> 66.562445
A77: 020235 | B77: Retirada de piso ceramico, inclusive camada reguralarizadora | G77: M2 | H77: 4.36
A78: 280026 | B78: Servente com encargos complementares | G78: H | H78: 1.4 | I78: 26.88 | J78: =ROUND(H78*I78,2) -> 37.63
A79: 280023 | B79: Pedreiro com encargos complementares | G79: H | H79: 0.14 | I79: 32.75 | J79: =ROUND(H79*I79,2)-0.01 -> 4.58
A80: Total Parcial (com lei sem BDI) | H80: =SUM(J78:J79) -> 42.21
A81: B.D.I. 22,47% | H81: =H80*J$8 -> 9.484587
A82: Total Geral | H82: =SUM(H80:H81) -> 51.694587
A83: COBERTURA
A84: 071498 | B84: Cobertura - Telha de fibrocimento e = 4mm | G84: M2 | H84: 9.2.3
A85: 280028 | B85: Telhadista com encargos complementares | G85: H | H85: 0.14 | I85: 32.14 | J85: =ROUND(H85*I85,2)-0.01 -> 4.49
A86: 280026 | B86: Servente com encargos complementares | G86: H | H86: 0.14 | I86: 26.88 | J86: =ROUND(H86*I86,2) -> 3.76
A87: D00429 | B87: Telha de fibrocimento ondulada (2,44 x 0,50) e = 4mm | G87: UN | H87: 0.83 | I87: 39.93 | J87: =ROUND(H87*I87,2) -> 33.14
A88: D00333 | B88: Parafuso fo.go 5/16 c=110mm | G88: UNI | H88: 1.4 | I88: 1.02 | J88: =ROUND(H88*I88,2)-0.01 -> 1.42
A89: D00209 | B89: Gancho chato para telha fibrocimento | G89: UNI | H89: 1.4 | I89: 1.65 | J89: =ROUND(H89*I89,2) -> 2.31
A90: D00002 | B90: Massa de vedação | G90: KG | H90: 0.01 | I90: 16.66 | J90: =ROUND(H90*I90,2)-0.01 -> 0.16
A91: D00344 | B91: Arruela concava pvc d=5/16 | G91: UNI | H91: 1.4 | I91: 0.81 | J91: =ROUND(H91*I91,2)-0.01 -> 1.12
A92: Total Parcial (com lei sem BDI) | H92: =SUM(J85:J91) -> 46.4
A93: B.D.I. 22,47% | H93: =H92*J$8 -> 10.42608
A94: Total Geral | H94: =SUM(H92:H93) -> 56.82608
A95: 070059 | B95: Cumeeira plana fibrotex e = 4mm | G95: M | H95: 9.3.7
A96: 280028 | B96: Telhadista com encargos complementares | G96: H | H96: 0.12 | I96: 32.14 | J96: =ROUND(H96*I96,2)-0.01 -> 3.85
A97: 280026 | B97: Servente com encargos complementares | G97: H | H97: 0.12 | I97: 26.88 | J97: =ROUND(H97*I97,2)-0.01 -> 3.22
A98: D00001 | B98: Parafuso fo. Go 5/16 c=110mm | G98: UM | H98: 0.5 | I98: 1.02 | J98: =ROUND(H98*I98,2) -> 0.51
A99: D00054 | B99: Cumeeira plana fibrotex e = 4mm | G99: UM | H99: 1.04 | I99: 16.07 | J99: =ROUND(H99*I99,2) -> 16.71
A100: D00058 | B100: Arruela concava de chumbo d=5/16 | G100: UNI | H100: 0.5 | I100: 0.77 | J100: =ROUND(H100*I100,2)-0.01 -> 0.38
A101: D00002 | B101: Massa de vedação | G101: KG | H101: 0.01 | I101: 16.66 | J101: =ROUND(H101*I101,2)-0.01 -> 0.16
A102: Total Parcial (com lei sem BDI) | H102: =SUM(J96:J101) -> 24.83
A103: B.D.I. 22,47% | H103: =H102*J$8 -> 5.579301
A104: Total Geral | H104: =SUM(H102:H103) -> 30.409301
A105: 070827 | B105: Lambrequim de madeira de lei aparelhada | G105: M | H105: 9.1.13
...

Sheet M.CÁLCULO
A3: PREFEITURA MUNICIPAL DE BREVES
A4: SECRETARIA MUNICIPAL DE EDUCAÇÃO - SEMED
A5: OBJETO: REFORMA GERAL DA ESCOLA MARECHAL RONDON
A6: LOCAL: VILA SÃO MIGUEL DOS MACACOS - ZONA RURAL - BREVES- PA
A7: REF. DE PREÇOS: SEOP - Março de 2026 - SEM DESONERAÇÃO
A9: BDI = 22,47%
A10: MARÇO/2026
A12: MEMORIAL DE CÁLCULO
A13: ITEM | B13: CÓDIGO | C13: DISCRIMINAÇÃO | D13: UNID. | E13: QUANT. | F13: MEMORIA
A15: 1 | C15: SERVIÇOS PRELIMINARES
A16: 1.1 | B16: 011340 | C16: Placa da obra em lona com plotagem de gráfica | D16: m² | E16: 6 | F16: 2,00m x 3,00m
A18: 2 | C18: PISO
A19: 2.1 | B19: 130507 | C19: Camada impermeabilizadora e = 10cm com seixo | D19: m² | E19: 117.8 | F19: 2 x (6,00m x 8,00m) + (5,45m x 4,00m)
A20: 2.2 | B20: 130110 | C20: Camada regularrizadora no traço 1:4 | D20: m² | E20: 117.8 | F20: 2 x (6,00m x 8,00m) + (5,45m x 4,00m)
A21: 2.3 | B21: 130119 | C21: Lajota ceramica - incluindo rejuntamento (Padrão Médio) | D21: m² | E21: 779.25 | F21: [4x(48,00m²)+22,30m²+15,80m²+13,71m²+6,00m²+9,00m²+8,70m²+37,02m²+2x(93,13m²)+2x(67,55m²)+4x(2,76m²)+2x(3,80m²)+2x(12,44m²)+9,67m²+8,55m²]+9,00m²+20,85m²+7,67m²+13,23m²+3,25m²+4,68m²+9,00m²+23,94m²
A22: 2.4 | B22: 120164 | C22: Rodapé cerâmico h= 8 cm | D22: m | E22: 300.48 | F22: 27,10m+27,10m+27,10m+27,10m+2,16m+18,02m+11,10m+11,10m+12,36m+12,36m+10,56m+10,56m+15,40m+15,40m+11,20m+11,20m+14,04m+4,22m+3,82m+2,32m+3,12m+5,14m
A23: 2.5 | B23: 130492 | C23: Calçada (Incluindo alicerce, baldrame e concreto com junta seca) | D23: m² | E23: 128 | F23: 16,00m x 8,00m
A24: 2.6 | B24: 110826 | C24: Grampeamento de parede | D24: m | E24: 30 | F24: 30m
A25: 2.7 | B25: 020235 | C25: Retirada de piso ceramico, inclusive camada regularizadora | D25: m² | E25: 779.25 | F25: [4x(48,00m²)+22,30m²+15,80m²+13,71m²+6,00m²+9,00m²+8,70m²+37,02m²+2x(93,13m²)+2x(67,55m²)+4x(2,76m²)+2x(3,80m²)+2x(12,44m²)+9,67m²+8,55m²]+9,00m²+20,85m²+7,67m²+13,23m²+3,25m²+4,68m²+9,00m²+23,94m²
A27: 3 | C27: COBERTURA
A28: 3.1 | B28: 171498 | C28: Cobertura - Telha de fibrocimento e = 4mm | D28: m² | E28: 97.35 | F28: 12,20m x 7,98m
A29: 3.2 | B29: 070059 | C29: Cumeeira plana fibrotex e = 4mm | D29: m | E29: 7.98 | F29: 7,98m
A30: 3.3 | B30: 070827 | C30: Lambrequim de madeira de lei aparelhada | D30: m | E30: 158.96 | F30: (21,30m + 21,30m + 35,60m + 35,60m + 13,40m + 13,40m + 9,18m + 9,18m
A31: 3.4 | B31: 071466 | C31: Cumeeira em aço galvanizado | D31: m | E31: 71.2 | F31: 2 x 35,60m
A33: 4 | C33: FORRO
A34: 4.1 | B34: 140348 | C34: Barroteamento em madeira de lei para forro PVC | D34: m² | E34: 209.42 | F34: 2 x (6,00m x 8,00m) + (5,45m x 4,00m)+9,00m²+20,85m²+7,67m²+13,23m²+3,25m²+4,68m²+9,00m²+23,94m²
A35: 4.2 | B35: 141336 | C35: Forro em lambril de PVC | D35: m² | E35: 209.42 | F35: 2 x (6,00m x 8,00m) + (5,45m x 4,00m)+9,00m²+20,85m²+7,67m²+13,23m²+3,25m²+4,68m²+9,00m²+23,94m²
A37: 5 | C37: INSTALAÇÕES HIDRÁULICAS
A38: 5.1 | B38: 190609 | C38: Bacia sifonada com caixa de descarga acoplada com assento] | D38: unid. | E38: 5 | F38: 5 unid
A39: 5.2 | B39: 190375 | C39: Lavatório de louça c/ coluna com torneira, sifão e válvula | D39: unid. | E39: 3 | F39: 3 unid
A40: 5.3 | B40: 181481 | C40: Bomba centrífuga 2 CV (sem tubulação) | D40: unid. | E40: 1 | F40: 1 unid
A42: 6 | C42: INSTALAÇÕES ELÉTRICAS
A43: 6.1 | B43: 170081 | C43: Ponto de luz com rede (incl tubulação cx fiação) | D43: pt. | E43: 40 | F43: 40,00 pts
A44: 6.2 | B44: 170081 | C44: Ponto de tomada/ interruptor (incl tubulação cx fiação) | D44: pt. | E44: 10 | F44: 10,00 pts
A45: 6.3 | B45: COMP01 | C45: Plafon com lampada PL 30W E-27 | D45: unid. | E45: 65 | F45: 65,00 unid
A46: 6.4 | B46: COMP02 | C46: Refletor led tech pro IP66 100W 6500K - Bivolt | D46: unid. | E46: 4 | F46: 4,00 unid
A47: 6.5 | B47: 170743 | C47: Cabo de cobre 2,5mm² - 1KV | D47: m | E47: 20 | F47: 20 m
A48: 6.6 | B48: 171523 | C48: Tomada 2P+T (sem fiação) 20A | D48: unid. | E48: 20 | F48: 2 x 3,00 unid + 14,00 unid
A49: 6.7 | B49: 170332 | C49: Interruptor 1 tecla simples (sem fiação) | D49: unid. | E49: 12 | F49: 12,00, unid
A51: 7 | C51: ESQUADRIAS
A52: 7.1 | B52: 090641 | C52: Porta em madeira lambrizada | D52: m² | E52: 22.47 | F52: 7 x (0,90m x 2,10m) + 4 x (0,8m x 2,10m) + 2 x (0,60m x 2,10m)
A53: 7.2 | B53: COMP03 | C53: Esquadria madeira de lei veneziana fixa com caixilho simples/ alizar | D53: m² | E53: 18 | F53: (3,00m x 1,50m) x 4
A54: 7.3 | B54: 1002260 | C54: Ferragens para porta externa 1 folha | D54: conj | E54: 15 | F54: 15 conj
A55: 7.4 | B55: 1002280 | C55: Ferragens para porta de banheiro | D55: conj | E55: 6 | F55: 6 conj
A57: 8 | C57: PINTURA
A58: 8.1 | B58: 150253 | C58: Látex acrilica fosca ext. com massa acrílica e selador 3 demãos (Pintura Interna) | D58: m² | E58: 1268.28 | F58: 2 x {[(16,30m + 16,30m + 7,30m + 12,30m + 8,20m) x 4,15m + (16,30m + 12,30m + 12,30m + 9,65m + 8,20m + 3,00m + 3,00m + 4,00m) x 3,30m] + [6 x (0,90m x 2,10m) + 2 x (0,80m x 2,10m) + 8 x (3,00m x 1,50m) + 3 x (1,70m x 1,60m) + 4 x (1,20m x 1,70m) + 12 x (2,30m x 0,70m) + 2 x (2,00m x 1,50m)]} + [2 x (1,40m x 6,15m)] x 2 + {[(7,30m + 4,10m + 7,30m + 4,10m + 2,50m + 2,40m + 2,50m) x 3,30m]} + {[2 x (0,8m x 2,10m) + 2 x (0,60m x 2,10m) + (0,9n x 2,10m) + (1,50m x 1,70m) + (0,60m x 0,40m) + (0,60m x 0,40m)]} x 2 +[(3,00m+3,00m+3,00m+3,00m+3,00m+3,00m+3,00m+3,00m+4,42m+4,42m+3,00m+3,00m+4,22m+4,62m4,22m+3,12m+3,12m+1,50m+3,12m)x3,00m-15,98m²]
A59: 8.2 | B59: 150253 | C59: Látex acrilica fosca ext. com massa acrílica e selador 3 demãos (Pintura Externa) | D59: m² | E59: 538.25 | F59: [4 x (6,00m x 8,00m) + (2,90m x 26,40m) + (1,90m x 26,40m) + 3,00km x 12,30m) + (5,45m x 4,00m) + (4,00m x 4,00m) + (3,00m x 2,90m) + (3,00m x 3,00m) + (2,00m x 3,00m) + (3,90m x 3,00m) +- (1,50m x 2,40m) + (1,15m x 2,40m) + (1,15m x 2,40m)]+[(9,20m+9,20m+7,98m7,98m)x3,25m-11,36m²]
A60: 8.3 | B60: 150606 | C60: Verniz poliuretano sobre madeira (Pintura sob telhas e pilares da circulação) | D60: m² | E60: 535.5 | F60: 2x(4,50m x 21,30m) + (4,50m x 26,60m) + 29x[(0,30m+0,30m+0,30m+0,30m)x3,00m]
A61: 8.4 | B61: 150377 | C61: Esmalte sobre madeira com selador sem massa | D61: m² | E61: 223.42 | F61: 2x[7 x (0,90m x 2,10m) + 4 x (0,8m x 2,10m) + 2 x (0,60m x 2,10m) + 3 x (1,70m x 1,60m) + 5 x (1,20m x 1,70m) + 8 x (3,00m x 1,50m) + 2 x (2,00m x 1,50m)] + 12 x (2,30m x 0,90m) +[ 2 x (0,60m x 0,40m)]x2+2x[(1,20mx1,00m)x5+5x(0,80mx2,10m)+(0,60mx2,10m)+(0,80mx0,40m)]
A62: 8.5 | B62: 150207 | C62: Acrílica para piso (pintura sobre telhamento) | D62: m² | E62: 1060,,77 | F62: (21,30m x 35,60m) + (10,40M x 6,85m) + (13,40m x 9,18m) + (20,00m x 3,80m) + (6,20m x 5,20m)
A63: 8.6 | B63: 150302 | C63: Esmalte sobre ferro (Superf lisa) | D63: m² | E63: 160 | F63: 2 x (40,00m x 2,00m)
A65: 9 | C65: LIMPEZA E ENTREGA DA OBRA
A66: 9.1 | B66: 270220 | C66: Limpeza geral e entrega da obra | D66: m² | E66: 746.02 | F66: (33,61m x 19,30m) + (12,20m x 7,98m)

Sheet BDI
B2: OBJETO: REFORMA GERAL DA ESCOLA MARECHAL RONDON
B3: LOCAL: VILA SÃO MGUEL DOS MACACOS- ZONA RURAL - BREVES PARÁ
B4: REF. DE PREÇOS: SEOP - Março de 2026 - SEM DESONERAÇÃO
B5: BDI = 22,47%
B6: MARÇO/2026
B8: COMPOSIÇÃO ANALÍTICA DA TAXA DE B.D.I.
B9: 1 - ADMINISTRAÇÃO CENTRAL
B10: ITEM | C10: DESCRIÇÃO | E10: TAXA (%)
B11: 1.1 | C11: MÃO DE OBRA | E11: 2
B12: 1.2 | C12: TRANSPORTES | E12: 0.6
B13: 1.3 | C13: MANUTENÇÃO E OPERAÇÃO DO ESCRITÓRIO CENTRAL | E13: 0.2
B14: 1.4 | C14: DESPESAS DIVERSAS | E14: 0.2
D15: TOTAL DA ADMINISTRAÇÃO CENTRAL | E15: =SUM(E11:E14) -> 3
B16: 2 - DESPESAS FISCAIS
B17: ITEM | C17: DESCRIÇÃO | E17: TAXA (%)
B18: 2.1 | C18: ISS | E18: 5
B19: 2.2 | C19: CPRB | E19: 0
B20: 2.3 | C20: COFINS | E20: 3
B21: 2.4 | C21: PIS | E21: 0.65
D22: TOTAL DAS DESPESAS FISCAIS | E22: =SUM(E18:E21) -> 8.65
B23: 3 - DIVERSOS
B24: ITEM | C24: DESCRIÇÃO | E24: TAXA (%)
B25: 3.1 | C25: BONIFICAÇÃO DA EMPRESA (LUCRO) | E25: 6.16
B26: 3.2 | C26: DESPESAS FINANCEIRAS | E26: 0.59
B27: 3.3 | C27: SEGURO OBRIGATÓRIO | E27: 0.8
B28: 3.4 | C28: RISCOS E EVENTUAIS | E28: 0.97
D29: TOTAL DIVERSOS | E29: =SUM(E25:E28) -> 8.52
D30: BONIFICAÇÃO E DESPESAS INDIRETAS (B.D.I.) | E30: =ROUND(((1+E15/100+E27/100+E28/100)*(1+E26/100)*(1+(E25/100)))/(1-E22/100)-1,4) -> 0.2247
B32: FÓRMULA DO BDI (APROVADA PELO TCU)
B33: A fórmula para cálculo da taxa a ser acrescida aos custos diretos de um empreendimento, a título de Benefícios e Despesas Indiretas é:
B34: BDI = | C34: ( 1 + X ) x ( 1 + Y ) x ( 1 + Z ) | D34: - 1
C35: ( 1 - I )
B36: onde:
B37: X = Taxa da somatória das despesas indiretas, exceto tributos e despesas financeiras
B38: Y = Taxa representativa das despesas financeiras
B39: Z = Taxa representativa do lucro
B40: I = Taxa representativa da incidência de impostos

Sheet CRON
A2: PREFEITURA MUNICIPAL DE BREVES
A4: OBJETO: REFORMA GERAL DA ESCOLA MARECHAL RONDON | J4: BDI = 22,47%
A5: LOCAL: VILA SÃO MIGUEL DOS MACACOS - ZONA RURAL - MUNICÍPIO DE BREVES - PA | J5: MARÇO/2026
A6: REF. DE PREÇOS: SEOP - Março de 2026 - SEM DESONERAÇÃO
A7: CRONOGRAMA FÍSICO - FINANCEIRO
A8: ITEM | B8: DESCRIÇÃO DOS SERVIÇOS | C8: PESO % | D8: VALOR DO SERVIÇO | E8: 1º MÊS | G8: 2º MÊS | I8: 3º MÊS
E9: % MÊS | F9: R$ | G9: % MÊS | H9: R$ | I9: % MÊS | J9: R$
A10: 1 | B10: =PLAN!C10 -> SERVIÇOS PRELIMINARES | C10: =D10/D$28 -> 0.0030927833 | D10: =PLAN!H10 -> 1527.9 | E10: 1 | F10: =E10*$D10 -> 1527.9
A12: 2 | B12: =PLAN!C13 -> PISO | C12: =D12/D$28 -> 0.34376622 | D12: =PLAN!H13 -> 169827.74 | E12: 0.5 | F12: =E12*$D12 -> 84913.87 | G12: 0.5 | H12: =G12*$D12 -> 84913.87
A14: 3 | B14: =PLAN!C22 -> COBERTURA | C14: =D14/D28 -> 0.038259728 | D14: =PLAN!H22 -> 18901.11 | E14: 0.5 | F14: =E14*$D14 -> 9450.555 | G14: 0.5 | H14: =G14*$D14 -> 9450.555
A16: 4 | B16: =PLAN!C28 -> FORRO | C16: =D16/D28 -> 0.069364254 | D16: =PLAN!H28 -> 34267.4 | E16: 0.5 | F16: =E16*$D16 -> 17133.7 | G16: 0.5 | H16: =G16*$D16 -> 17133.7
A18: 5 | B18: =PLAN!C32 -> INSTALAÇÕES HIDRÁULICAS | C18: =D18/D28 -> 0.025186721 | D18: =PLAN!H32 -> 12442.77 | E18: 0.5 | F18: =E18*$D18 -> 6221.385 | G18: 0.5 | H18: =G18*$D18 -> 6221.385
A20: 6 | B20: =PLAN!C37 -> INSTALAÇÕES ELÉTRICAS | C20: =D20/D28 -> 0.055796127 | D20: =PLAN!H37 -> 27564.46 | E20: 0.5 | F20: =E20*$D20 -> 13782.23 | G20: 0.5 | H20: =G20*$D20 -> 13782.23
A22: 7 | B22: =PLAN!C46 -> ESQUADRIAS | C22: =D22/D28 -> 0.059893948 | D22: =PLAN!H46 -> 29588.87 | E22: 0.5 | F22: =E22*$D22 -> 14794.435 | G22: 0.5 | H22: =G22*$D22 -> 14794.435
A24: 8 | B24: =PLAN!C52 -> PINTURA | C24: =D24/D28 -> 0.38475224 | D24: =PLAN!H52 -> 190075.7 | I24: 1 | J24: =I24*$D24 -> 190075.7
A26: 9. | B26: =PLAN!C60 -> LIMPEZA E ENTREGA DA OBRA | C26: =D26/D28 -> 0.019887979 | D26: =PLAN!H60 -> 9825.08 | I26: 1 | J26: =I26*$D26 -> 9825.08
A28: SOMA | C28: =SUM(C10:C27) -> 1 | D28: =SUM(D10:D27) -> 494021.03
B30: VALOR ACUMULADO | F30: =0.3*#REF! -> #REF! | H30: =0.3*#REF! -> #REF! | J30: =0.3*#REF! -> #REF!
A31: TOTAL GERAL SIMPLES | E31: =F31/D28 -> 0.29922628 | F31: =SUM(F10:F27) -> 147824.07 | G31: =H31/D28 -> 0.2961335 | H31: =SUM(H10:H27) -> 146296.17 | I31: =J31/D28 -> 0.40464022 | J31: =SUM(J10:J27) -> 199900.78
A32: TOTAL GERAL ACUMULADO | E32: =E31 -> 0.29922628 | F32: =F31 -> 147824.07 | G32: =G31+E32 -> 0.59535978 | H32: =F32+H31 -> 294120.25 | I32: =I31+G32 -> 1 | J32: =H32+J31 -> 494021.03
